 Dungeon Crawl Stone Soup version 0.29.1-12-g30fa7ad0bf (webtiles) character file.

Game seed: 9086299641578581091

582329 Colokkon the Axe Maniac (level 25, -2/257 HPs)
             Began as a Minotaur Berserker on Jan 2, 2023.
             Was a High Priest of Trog.
             Slain by an Orb Guardian (41 damage)
             ... on level 5 of the Realm of Zot.
             The game lasted 03:38:09 (74101 turns).

Colokkon the Axe Maniac (Minotaur Berserker)       Turns: 74101, Time: 03:38:09

Health: -2/257     AC: 47    Str: 38 (42) XL:     25   Next: 97%
Magic:  2/22       EV:  2    Int:  4      God:    Trog [*****.]
Gold:   6979       SH:  0    Dex: 12      Spells: 24/24 levels left

rFire   + . .      SeeInvis +   k - +9 broad axe (flame)
rCold   + + +      Faith    .   J - +18 shield of the Gong {rElec rN+ Will+ EV-5}
rNeg    + + .      Spirit   .   V - +9 crystal plate armour {rC+}
rPois   +          Reflect  .   Q - -2 hat of the Alchemist {rElec rPois rF+ rC+ rN+ Will+ rMut rCorr}
rElec   +          Harm     .   X - +1 cloak of the Harp {rPois}
rCorr   +          Rampage  .   Y - +1 pair of gloves of Indecent Exposure {+Inv rPois Int-3}
rMut    +          Rage     3%  I - +1 pair of boots "Sump" {Str+4 Int+5}
Will    +++++                   p - amulet "Munt" {rElec rPois Regen+ Slay+5 Stlth+}
Stlth   ..........              W - ring of Relativism {rC+ Will+ rCorr Str+4}
HPRegen 2.32/turn               y - ring "Quifaox" {Fly rElec rPois Str+2 SInv}
MPRegen 0.18/turn

@: confused, strong-willed, vertiginous, flying, regenerating, studying 2
skills, unable to drink
A: horns 2, retaliatory headbutt, berserk 1, dopey 1
}: 3/15 runes: decaying, serpentine, silver
a: Renounce Religion, Evoke Invisibility, Berserk, Trog's Hand, Brothers in Arms


You were on level 5 of the Realm of Zot.
You worshipped Trog.
Trog was extremely pleased with you.
You visited 11 branches of the dungeon, and saw 51 of its levels.
You also visited: Ice Cave and Wizlab.

You collected 9155 gold pieces.
You spent 2176 gold pieces at shops.

Inventory:

Hand Weapons
 k - a +9 broad axe of flaming (weapon)
 H - the +12 mace of Tartarus {flame, rF+ rC+ Will++}
   (You took it off a wizard on level 4 of the Vaults)

   It burns those it strikes, dealing additional fire damage.
   rF:        It protects you from fire.
   rC:        It protects you from cold.
   Will:      It greatly increases your willpower.
Missiles
 m - 20 silver javelins (quivered)
 t - 5 throwing nets
Armour
 v - the +0 hat of the Gate {rElec Regen+ rCorr Int-2}
   (You found it on level 1 of the Realm of Zot)

   Int:       It affects your intelligence (-2).
   rElec:     It insulates you from electricity.
   Regen:     It increases your rate of health regeneration.
   rCorr:     It protects you from acid and corrosion.
 I - the +1 pair of boots "Sump" (worn) {Str+4 Int+5}
   (You found it on level 9 of the Dungeon)

   Str:       It affects your strength (+4).
   Int:       It affects your intelligence (+5).
 J - the +18 shield of the Gong (worn) {rElec rN+ Will+ EV-5}
   (You found it on level 10 of the Dungeon)

   It is deafeningly noisy when blocking attacks.
   EV:        It affects your evasion (-5).
   rElec:     It insulates you from electricity.
   rN:        It protects you from negative energy.
   Will:      It increases your willpower.
 Q - the -2 hat of the Alchemist (worn) {rElec rPois rF+ rC+ rN+ Will+ rMut rCorr}
   (You acquired it on level 5 of the Vaults)

   rF:        It protects you from fire.
   rC:        It protects you from cold.
   rElec:     It insulates you from electricity.
   rPois:     It protects you from poison.
   rN:        It protects you from negative energy.
   rCorr:     It protects you from acid and corrosion.
   rMut:      It protects you from mutation.
   Will:      It increases your willpower.
 V - a +9 crystal plate armour of cold resistance (worn)
 X - the +1 cloak of the Harp (worn) {rPois}
   (You found it on level 3 of the Elven Halls)

   rPois:     It protects you from poison.
 Y - the +1 pair of gloves of Indecent Exposure (worn) {+Inv rPois Int-3}
   (You bought it in a shop on level 15 of the Dungeon)

   Int:       It affects your intelligence (-3).
   rPois:     It protects you from poison.
   +Inv:      It lets you turn invisible.
Jewellery
 b - a +6 ring of dexterity
 p - the amulet "Munt" (around neck) {rElec rPois Regen+ Slay+5 Stlth+}
   (You took it off an ironbound preserver on level 5 of the Vaults)

   [amulet of regeneration]

   Slay:      It affects your accuracy & damage with ranged weapons and melee
   (+5).
   rElec:     It insulates you from electricity.
   rPois:     It protects you from poison.
   Regen:     It increases your rate of health regeneration.
   Stlth:     It makes you more stealthy.
 y - the ring "Quifaox" (right hand) {Fly rElec rPois Str+2 SInv}
   (You found it in a wizard's laboratory)

   [ring of flight]

   Str:       It affects your strength (+2).
   rElec:     It insulates you from electricity.
   rPois:     It protects you from poison.
   SInv:      It lets you see invisible.
   Fly:       It grants you flight.
 W - the ring of Relativism (left hand) {rC+ Will+ rCorr Str+4}
   (You found it in a wizard's laboratory)

   [ring of resist corrosion]

   Str:       It affects your strength (+4).
   rC:        It protects you from cold.
   rCorr:     It protects you from acid and corrosion.
   Will:      It increases your willpower.
Wands
 h - a wand of iceblast (4)
 r - a wand of mindburst (68)
 B - a wand of digging (25)
 C - a wand of paralysis (46)
 F - a wand of acid (35)
 U - a wand of polymorph (19)
Scrolls
 a - 6 scrolls of butterflies
 l - 5 scrolls of poison
 u - 16 scrolls of teleportation
 A - 8 scrolls of fear
 L - 6 scrolls of magic mapping
 O - 3 scrolls of summoning
 P - 4 scrolls of blinking
 S - a scroll of enchant weapon
 T - 2 scrolls of silence
Potions
 c - 6 potions of berserk rage
 d - 2 potions of invisibility
 e - 4 potions of ambrosia
 f - 4 potions of attraction
 i - 6 potions of cancellation
 j - 18 potions of curing
 n - 14 potions of might
 o - 11 potions of heal wounds
 w - 3 potions of resistance
 x - 7 potions of haste
 D - 11 potions of mutation
 R - 5 potions of magic
Miscellaneous
 g - a condenser vane
 q - a box of beasts
 z - a phantom mirror
 K - a lightning rod (4/4)


   Skills:
 O Level 27 Fighting
 O Level 27 Axes
 - Level 8.3(19.5) Maces & Flails
 + Level 15.8 Throwing
 O Level 27 Armour
 - Level 8.0 Dodging
 O Level 27 Shields


You had 24 spell levels left.
You didn't know any spells.
Your spell library was empty.

Dungeon Overview and Level Annotations

Branches:
Dungeon (15/15)            Temple (0/1) D:7            Lair (5/5) D:8
  Swamp (4/4) Lair:2        Snake (4/4) Lair:2          Orc (2/2) D:9
    Elf (3/3) Orc:2        Vaults (5/5) D:13          Crypt (3/3) Vaults:3
   Tomb (1/3) Crypt:3      Depths (4/4) D:15            Zot (5/5) Depths:4
  IceCv (visited)          WizLab (visited)
  Slime: Lair:4-5

Altars:
Cheibriados
Dithmenos
Fedhas
Gozag
Kikubaaqudgha
Okawaru
Ru
Sif Muna
Trog
Uskayaw
Vehumet
Zin
Jiyva

Shops:
D:12 [   D:13 (   D:15 [[[([   Orc:2 [[*(   Elf:2 :   Elf:3 [=:=   Snake:2 ([
Vaults:1 [*   Zot:4 *   Depths:3 (?

Portals:
Hell: Depths:1 Depths:2 Depths:3 Depths:4
Abyss: D:15 Depths:3 Depths:4
Pandemonium: Depths:2
Ziggurat: Depths:2

Annotations:
D:13 3 transporters
Lair:5 exclusion: 2 oklob plants


Innate Abilities, Weirdness & Mutations

You have a pair of horns on your head.
You reflexively headbutt those who attack you in melee.
You sometimes lose your temper in combat.
You are dopey. (Int -2)


Message History

The dread lich casts a spell.
The curse toe gestures.
You hear a deafening roar!
You barely miss the orb of fire. Your headbutt misses the orb of fire.
You slice the wandering mushroom!! You burn the wandering mushroom!
You slash the wandering mushroom! You burn the wandering mushroom.
You slash the wandering mushroom! You burn the wandering mushroom.
You completely miss the deathcap. You slice the wandering mushroom!!
You burn the wandering mushroom! You closely miss the Orb Guardian.
You block the Orb Guardian's attack.
BONNNG!
You hear a shout!
You hear a chilling moan.
You slice the orb of fire!!
The orb of fire is lightly damaged.
You slash the wandering mushroom! You burn the wandering mushroom.
You destroy the wandering mushroom!
The wandering mushroom disappears in a puff of smoke!
You slash the wandering mushroom! You burn the wandering mushroom.
You slice the wandering mushroom!! You burn the wandering mushroom.
You destroy the wandering mushroom!
The wandering mushroom disappears in a puff of smoke!
You slice the deathcap!! You burn the deathcap.
You slash the wandering mushroom! You burn the wandering mushroom.
You destroy the wandering mushroom!
The wandering mushroom disappears in a puff of smoke!
You hit the Orb Guardian. You burn the Orb Guardian.
The Orb Guardian hits you but does no damage.
The orb of fire emits a lurid red light.
The bolt of fire hits you!! You resist.
The curse toe calls on the powers of darkness!
The Killer Klown convulses!
The Orb Guardian convulses! x2
Your body is wracked with pain!
The Killer Klown convulses!
The moth of wrath convulses!
The deathcap releases spores at you!
* * * LOW HITPOINT WARNING * * *
You are engulfed in a cloud of spores!
You are confused.
The wandering mushroom releases spores at you but does no damage.
The Orb Guardian hits you but does no damage.
You are too confused!
Unknown command.
You are too confused!
You slash the deathcap! You burn the deathcap.
Your headbutt misses the deathcap.
The deathcap is almost destroyed.
You hit the Orb Guardian but do no damage.
You slice the Orb Guardian!! You burn the Orb Guardian.
You kill the Orb Guardian!
Trog accepts your kill.
You slice the orb of fire!! You slash the electric golem!
You burn the electric golem. You slice the wandering mushroom!!
You burn the wandering mushroom.
You destroy the wandering mushroom!
The wandering mushroom disappears in a puff of smoke!
The orb of fire glows red.
The bolt of fire hits you!! You resist.
* * * LOW HITPOINT WARNING * * *
The Killer Klown blinks!
The electric golem completely misses you.
The electric golem hits you but does no damage. x3
The Orb Guardian hits you but does no damage.
The dread lich gestures wildly while chanting.
The deathcap releases spores at you but does no damage.
You are too confused!
Unknown command.
There are monsters nearby!
You are too confused!
You are too confused!
You slice the moth of wrath!! You burn the moth of wrath!
You kill the moth of wrath!
Trog accepts your kill.
You completely miss the orb of fire. You miss the electric golem.
You slice the Hell Sentinel like a ripe choko!!!
You slice the deathcap!! You burn the deathcap.
You destroy the deathcap!
The deathcap disappears in a puff of smoke!
You slash the Orb Guardian! You burn the Orb Guardian.
The electric golem hurls lightning at you.
The bolt of lightning hits you! You resist.
* * * LOW HITPOINT WARNING * * *
The bolt of lightning hits the cacodemon!
The cacodemon resists.
The Orb Guardian hits you!!!
You die...

▓.............▓
...............
...............
...............
.......^......!....
..................
..?....§X........
.....^9@†2......▓▓
..!...1§*........▓▓
......2$.z§^......▓▓
......p...○........▓
.^.....L...^†...§..▓
............).....▓▓
........p........▓▓
▓...............▓▓
▓▓▓▓▓▓##^....▓▓


You could see an orb of fire, 2 Killer Klowns, a Hell Sentinel (summoned), an
electric golem, a dread lich (invisible), a curse toe, a cacodemon (summoned),
an Orb Guardian (berserk, poisoned, slow) and a hellion (summoned).

Vanquished Creatures
  4 dread liches
  Mara (Depths:1)
  The ghost of Qohumiw the Wrestler, a legendary TrBe of Trog (Zot:1)
  3 orbs of fire
  A royal mummy (Tomb:1)
  Frederick (Depths:3)
  2 Killer Klowns
  Bai Suzhen (Depths:1)
  Margery (Depths:3)
  2 curse toes
  8 golden dragons
  Nikola (Swamp:4)
  3 bone dragons
  2 doom hounds (Zot:1)
  An electric golem (Zot:2)
  12 tentacled monstrosities
  A shard shrike skeleton (Crypt:3)
  2 Orb Guardians (Zot:5)
  A moon troll (WizLab)
  3 deep elf blademasters
  4 liches
  2 deep elf master archers (Elf:3)
  Grunn (Zot:1)
  6 quicksilver dragons
  2 titans (Vaults:5)
  A sphinx (shapeshifter) (Vaults:5)
  4 death cobs
  Frances (Swamp:1)
  7 tentacled starspawn (WizLab)
  5 ancient champions
  4 thorn hunters
  Kirke (D:12)
  14 sphinxes
  6 shadow dragons
  The ghost of Discosetron the Crack Shot, an adept SpHu of Dithmenos (Elf:3)
  14 storm dragons
  The ghost of diceflayer the Slayer, a journeyman MiFi of Okawaru (Elf:1)
  6 tengu reavers
  A revenant (Tomb:1)
  A daeva (Depths:3)
  7 nagarajas (Snake:4)
  6 draconian knights
  Donald (Swamp:1)
  3 fenstrider witches
  7 draconian monks
  14 fire giants
  The ghost of AyAyRon the Bludgeoner, an adept DsFi of Yredelemnul (D:15)
  An azure jelly (shapeshifter) (Vaults:5)
  4 frost giants
  4 ghost moths
  5 deep elf sorcerers
  Louise (Swamp:2)
  3 orc warlords
  7 draconian scorchers
  12 vault wardens
  2 cacodemons (WizLab)
  A caustic shrike zombie (Crypt:2)
  5 draconian shifters
  An iron dragon (Vaults:5)
  5 draconian stormcallers
  An angel (Depths:3)
  4 reapers
  4 deep elf elementalists (Elf:3)
  A ghoul (Crypt:2)
  A quicksilver ooze (shapeshifter) (Vaults:5)
  21 ironbound preservers
  2 draconian annihilators
  A spriggan defender (Depths:3)
  6 war gargoyles
  A juggernaut skeleton (Crypt:2)
  5 ironbound thunderhulks
  25 very ugly things
  18 stone giants
  An eleionoma (Swamp:1)
  9 deep elf demonologists
  12 green draconians
  6 deep elf annihilators
  14 white draconians
  6 vampire knights
  6 purple draconians
  The ghost of Colokkon the Fighter, a journeyman DjCj of Gozag (Lair:2)
  A lorocyproca (Depths:2)
  9 yellow draconians
  An entropy weaver (Vaults:4)
  A minotaur (Lair:2)
  4 black draconians
  2 bunyips
  11 red draconians
  9 dire elephants
  4 eidola
  A blizzard demon (Depths:1)
  9 deep elf death magi
  2 mummy priests (Tomb:1)
  Josephine (D:12)
  4 crystal guardians
  8 jiangshi
  4 deep elf high priests
  2 shambling mangroves
  12 ettins
  9 great orbs of eyes
  11 fire dragons
  A merfolk impaler (Depths:4)
  11 yaktaur captains
  3 rakshasas
  28 hydras
  2 ogre magi (Vaults:5)
  A peacekeeper (Vaults:3)
  24 vault guards (Vaults:5)
  An ice dragon (Depths:3)
  A catoblepas (Lair:5)
  3 spriggan air magi
  A salamander tyrant (Snake:4)
  Fannar (D:12)
  4 boulder beetles
  3 spriggan skeletons
  3 two-headed ogres
  8 centaur warriors
  A caustic shrike simulacrum (Tomb:1)
  12 anacondas
  2 ghost crabs
  15 naga warriors
  6 ironbound frosthearts
  5 deep troll shamans (Depths:1)
  5 death knights
  8 alligators
  34 dancing weapons
  7 deep troll earth magi
  6 death yaks (Lair:4)
  10 tengu warriors
  2 shock serpents
  3 vampire magi
  5 spriggan berserkers
  A titan zombie (Crypt:3)
  2 orc high priests
  A thrashing horror (D:15)
  11 naga sharpshooters
  11 hell knights
  4 iron trolls
  A wretched star (WizLab)
  A titan skeleton (Crypt:1)
  22 deep elf knights
  The ghost of Colokkon the Fighter, a novice DjCj of Makhleb (D:7)
  6 salamander mystics
  25 skeletal warriors
  3 spriggan druids
  A bunyip zombie (Crypt:2)
  3 shadow wraiths
  An entropy weaver zombie (Crypt:1)
  5 goliath frogs
  12 sea snakes
  10 deep elf archers
  69 deep trolls
  A death drake (shapeshifter) (Orc:2)
  9 glowing orange brains
  10 swamp dragons
  6 naga ritualists
  A bunyip skeleton (Crypt:3)
  7 wizards
  3 flayed ghosts
  14 ironbound convokers
  8 bog bodies
  11 necromancers
  6 lindwurms
  42 deep elf zephyrmancers
  8 phantasmal warriors
  42 deep elf pyromancers
  13 orc knights
  An iron dragon zombie (Crypt:1)
  A manticore (shapeshifter) (Elf:2)
  9 harpies
  9 mana vipers
  A mana viper (shapeshifter) (D:15)
  A shining eye (shapeshifter) (Vaults:5)
  43 ugly things
  A will-o-the-wisp (Swamp:3)
  A cyclops (D:12)
  10 manticores
  20 moths of wrath
  4 orc sorcerers (Orc:2)
  4 elephants (Lair:1)
  13 salamanders
  A stone giant zombie (Crypt:3)
  A centaur zombie (Crypt:3)
  A guardian serpent (shapeshifter) (Vaults:5)
  7 guardian serpents
  An ice statue (IceCv)
  An iron dragon skeleton (Crypt:1)
  32 black mambas
  3 molten gargoyles (Lair:5)
  13 vault sentinels
  15 naga magi
  Maurice (Orc:2)
  A water nymph (shapeshifter) (Depths:3)
  4 eyes of devastation (WizLab)
  11 cane toads
  A gargoyle (D:11)
  2 centaur skeletons
  2 dire elephant skeletons
  2 kobold demonologists
  A death yak zombie (Crypt:1)
  2 efreet
  3 rime drakes
  A tormentor (Zot:1)
  3 guardian mummies (Tomb:1)
  A komodo dragon (shapeshifter) (Depths:4)
  7 tengu conjurers
  9 komodo dragons
  A white draconian zombie (Crypt:2)
  27 yaktaurs
  An ice devil (Depths:2)
  A catoblepas skeleton (Crypt:2)
  12 trolls
  5 freezing wraiths
  3 polar bears
  A red draconian skeleton (Crypt:1)
  2 harpy skeletons
  An iron troll skeleton (Crypt:2)
  15 hornets
  3 blink frogs (Lair:4)
  5 tyrant leeches
  A hydra skeleton (Crypt:2)
  A satyr zombie (Crypt:2)
  42 slime creatures
  A tarantella (Vaults:4)
  A fire dragon zombie (Crypt:3)
  An air elemental (Elf:1)
  An ettin skeleton (Crypt:1)
  10 spriggans
  5 shadows
  5 water elementals
  3 wyverns (Lair:5)
  37 flying skulls
  5 dire elephant simulacra
  13 wraiths
  3 hogs (D:12)
  14 starcursed masses (WizLab)
  28 yaks
  A ynoxinul (Depths:2)
  4 ushabtiu (Tomb:1)
  2 humans (D:8)
  A black mamba skeleton (Crypt:1)
  2 golden eyes (WizLab)
  6 basilisks
  A chaos spawn (Depths:2)
  7 steam dragons
  A minotaur simulacrum (Crypt:1)
  4 fire elementals
  9 redbacks
  A neqoxec (Depths:2)
  18 vampire mosquitoes
  9 swamp worms
  A warg (Vaults:5)
  A death yak simulacrum (IceCv)
  2 naga zombies
  16 water moccasins
  An acid dragon (D:11)
  40 nagas
  2 naga skeletons
  7 hell hounds
  3 hydra simulacra
  2 sky beasts (D:7)
  37 orc warriors
  A black bear (Lair:3)
  An ice beast (Vaults:1)
  11 swamp drakes
  5 boggarts (Vaults:1)
  An ettin simulacrum (Crypt:2)
  12 wolves
  2 ogres
  28 centaurs
  3 phantoms
  14 bullfrogs
  4 kobold brigands
  2 gnoll sergeants
  A rime drake skeleton (Crypt:2)
  5 necrophages
  An earth elemental (Elf:3)
  7 scorpions
  6 two-headed ogre simulacra (IceCv)
  13 wights
  A killer bee (D:9)
  2 elephant simulacra (IceCv)
  2 howler monkeys
  8 electric eels
  5 lava snakes (Lair:5)
  A human simulacrum (Vaults:1)
  4 jellies
  A gnoll bouda (D:9)
  9 orc priests
  A hound (D:6)
  2 iguanas (D:5)
  14 orc wizards
  3 polar bear simulacra (IceCv)
  3 troll simulacra (IceCv)
  6 spriggan simulacra
  A wolf simulacrum (IceCv)
  An ogre zombie (Crypt:1)
  12 mummies (Tomb:1)
  12 gnolls
  4 adders
  7 naga simulacra (IceCv)
  6 white imps (IceCv)
  6 ufetubi
  2 worms
  3 dart slugs
  59 orcs
  7 endoplasms
  3 giant cockroaches
  A giant cockroach (shapeshifter) (Vaults:5)
  7 goblins
  8 hobgoblins
  8 jackals
  2 quokkas
  4 ball pythons
  5 bats
  A butterfly zombie (Crypt:2)
  19 kobolds
  A kobold zombie (Crypt:2)
  5 rats
  11 briar patches
  A lurking horror (D:15)
  9 starspawn tentacles (WizLab)
2114 creatures vanquished.

Vanquished Creatures (collateral kills)
  An iron giant (Zot:1)
  A death cob (Zot:1)
  A shadow dragon (Vaults:5)
  Aizul (Vaults:2)
  A draconian stormcaller (Zot:1)
  An ironbound thunderhulk (Vaults:1)
  An ironbound preserver (Vaults:2)
  2 draconian annihilators
  A slime creature (D:15)
  A black draconian (Zot:3)
  2 dire elephants (Vaults:2)
  A purple draconian (Zot:3)
  2 yellow draconians
  An ironbound frostheart (Vaults:2)
  2 dancing weapons
  A deep elf knight (Elf:2)
  2 deep trolls (Vaults:2)
  A skeletal warrior (D:15)
  A phantasmal warrior (Vaults:5)
  3 deep elf zephyrmancers
  A deep elf pyromancer (Elf:1)
  3 ugly things (D:15)
  A manticore (D:14)
  A vault sentinel (Vaults:2)
  An air elemental (Elf:1)
  A fire elemental (Elf:1)
  3 yaks (Lair:4)
  3 orc warriors
  An ogre (Orc:2)
  An orc wizard (Orc:2)
  2 orcs
45 creatures vanquished.

Vanquished Creatures (others)
  An eleionoma (Swamp:3)
  2 deep elf knights
  A swamp dragon (Swamp:4)
  A deep elf pyromancer (Elf:1)
  A black mamba (Lair:5)
  A bloated husk (Swamp:1)
  A spriggan (Swamp:3)
  A swamp drake (Swamp:4)
  An endoplasm zombie (D:3)
  3 briar patches (Swamp:4)
  9 demonic plants (WizLab)
  2 foxfires (Swamp:3)
  50 fungi
  142 plants
  4 starspawn tentacles (WizLab)
220 creatures vanquished.

Grand Total: 2379 creatures vanquished

Notes
Turn   | Place    | Note
-------+----------+-------------------------------------------
     0 | D:1      | Colokkon the Minotaur Berserker began the quest for the
                  | Orb.
     0 | D:1      | Reached XP level 1. HP: 19/19 MP: 0/0
   444 | D:1      | Reached XP level 2. HP: 21/26 MP: 1/1
  1240 | D:2      | Found a faded altar of an unknown god.
  1478 | D:2      | Reached XP level 3. HP: 31/31 MP: 2/2
  2244 | D:3      | Reached ** piety under Trog
  2324 | D:3      | Found a snail-covered altar of Cheibriados.
  2561 | D:3      | Reached XP level 4. HP: 6/39 MP: 3/3
  2566 | D:3      | Reached skill level 5 in Axes
  3426 | D:4      | Noticed an ogre
  3431 | D:4      | Killed an ogre
  3432 | D:4      | Reached XP level 5. HP: 46/46 MP: 4/4
  3537 | D:4      | Reached skill level 5 in Armour
  3894 | D:5      | Entered Level 5 of the Dungeon
  3907 | D:5      | Reached XP level 6. HP: 41/53 MP: 2/5
  4090 | D:5      | Reached skill level 5 in Fighting
  4189 | D:5      | Reached XP level 7. HP: 54/61 MP: 4/6
  5460 | D:6      | Identified the +0 scale mail "Plog" {Drain Str+7 Dex+5}
  5888 | D:6      | Reached XP level 8. HP: 69/71 MP: 7/7
  6750 | D:7      | Reached XP level 9. HP: 82/82 MP: 8/8
  6797 | D:7      | Found a runed translucent gate.
  6798 | D:7      | Noticed Colokkon's ghost (novice DjCj)
  7287 | D:7      | Found a runed translucent gate.
  7288 | D:7      | Found a runed translucent gate.
  7332 | D:7      | Found a staircase to the Ecumenical Temple.
  7353 | D:7      | Found a sacrificial altar of Ru.
  7413 | D:7      | Found a shadowy altar of Dithmenos.
  7444 | D:7      | Found a hide-covered altar of Uskayaw.
  7626 | D:8      | Found an iron altar of Okawaru.
  7837 | D:8      | Noticed a brown ugly thing
  7847 | D:8      | Killed a brown ugly thing
  7848 | D:8      | Reached skill level 10 in Axes
  7997 | D:8      | Reached skill level 10 in Armour
  8228 | D:8      | Reached skill level 10 in Fighting
  8490 | D:8      | Found a staircase to the Lair.
  8756 | D:8      | Found a shimmering blue altar of Sif Muna.
  8773 | D:8      | Reached XP level 10. HP: 77/93 MP: 7/9
  8911 | D:8      | Noticed a centaur warrior
  8931 | D:8      | Killed a centaur warrior
  9384 | D:9      | Noticed a two-headed ogre
  9393 | D:9      | Killed a two-headed ogre
  9499 | D:9      | Found an opulent altar of Gozag.
  9744 | D:9      | Paralysed by a hornet for 3 turns
  9777 | D:10     | Entered Level 10 of the Dungeon
 10176 | D:9      | Found a staircase to the Orcish Mines.
 10262 | D:9      | Reached *** piety under Trog
 10649 | D:9      | Identified the +1 pair of boots "Sump" {Str+4 Int+5}
 10848 | D:10     | Noticed a two-headed ogre
 10914 | D:10     | Killed a two-headed ogre
 10915 | D:10     | Reached XP level 11. HP: 58/104 MP: 4/10
 11348 | D:10     | Noticed a sixfirhy
 11563 | D:10     | Identified the +4 chain mail of Disappointment {Slay+2}
 11827 | D:10     | Found the +18 shield of the Gong {rElec rN+ Will+ EV-5}
 12204 | D:10     | Found a bloodstained altar of Trog.
 12204 | D:10     | Found a glowing silver altar of Zin.
 12507 | D:11     | Noticed a boulder beetle
 12729 | D:11     | Killed a boulder beetle
 12805 | D:11     | Reached **** piety under Trog
 13015 | D:11     | Reached skill level 1 in Shields
 13352 | D:12     | Noticed Fannar
 13364 | D:12     | Killed Fannar
 13366 | D:12     | Noticed a four-headed hydra
 13414 | D:12     | Killed a nine-headed hydra
 13433 | D:12     | Reached XP level 12. HP: 36/115 MP: 5/11
 13814 | D:12     | Noticed Kirke
 13820 | D:12     | Noticed Josephine
 13823 | D:12     | Noticed a tengu warrior
 13827 | D:12     | Killed Josephine
 13834 | D:12     | Killed a tengu warrior
 13837 | D:12     | Killed Kirke
 13897 | D:12     | Reached skill level 5 in Shields
 14280 | D:12     | Found Bipyi's Armour Boutique.
 14375 | Lair:1   | Entered Level 1 of the Lair of Beasts
 14725 | Lair:1   | Noticed a seven-headed hydra
 14734 | Lair:1   | Killed an 11-headed hydra
 14895 | Lair:1   | Identified a scroll of acquirement
 14895 | Lair:1   | Acquired a manual of Axes
 14919 | Lair:1   | Reached skill level 15 in Axes
 15250 | Lair:2   | Noticed a five-headed hydra
 15250 | Lair:2   | Found a staircase to the Snake Pit.
 15250 | Lair:2   | Found a runed translucent gate.
 15250 | Lair:2   | Found a runed translucent gate.
 15250 | Lair:2   | Found a runed translucent gate.
 15252 | Lair:2   | Noticed a minotaur
 15257 | Lair:2   | Killed a nine-headed hydra
 15257 | Lair:2   | Noticed Colokkon's ghost (journeyman DjCj)
 15351 | Lair:2   | Reached XP level 13. HP: 125/125 MP: 12/12
 15373 | Lair:2   | Found a staircase to the Swamp.
 15383 | Lair:2   | Reached skill level 15 in Armour
 15967 | Lair:2   | Killed a minotaur
 15977 | Lair:2   | Killed Colokkon's ghost
 15985 | Lair:2   | Reached skill level 15 in Fighting
 18193 | Lair:5   | Entered Level 5 of the Lair of Beasts
 18498 | Lair:5   | Reached XP level 14. HP: 82/137 MP: 7/13
 18920 | Lair:5   | Found a viscous altar of Jiyva.
 19202 | Lair:5   | Reached skill level 10 in Shields
 19344 | Lair:5   | Found a large runed translucent door.
 19349 | Lair:5   | Found a large runed translucent door.
 20878 | Orc:1    | Entered Level 1 of the Orcish Mines
 20958 | Orc:2    | Entered Level 2 of the Orcish Mines
 20966 | Orc:2    | Found a radiant altar of Vehumet.
 21002 | Orc:2    | Noticed Maurice
 21050 | Orc:2    | Killed Maurice
 21510 | Orc:2    | Found a staircase to the Elven Halls.
 21631 | Orc:2    | Found Jacuvvu's Armour Shop.
 21631 | Orc:2    | Found Lowef's General Store.
 21633 | Orc:2    | Found Souttecruuq's Antique Weapon Emporium.
 21635 | Orc:2    | Found Wuarchoz's Armour Boutique.
 21865 | D:13     | Found a gate to the Vaults.
 21865 | D:13     | Noticed an ironbound preserver
 21919 | D:13     | Reached ***** piety under Trog
 22040 | D:13     | Killed an ironbound preserver
 22075 | D:13     | Found a transporter.
 22076 | D:13     | Found a transporter.
 22080 | D:13     | Found a transporter.
 22080 | D:13     | Found a transporter.
 22123 | D:13     | Found Vototziw's Weapon Emporium.
 22132 | D:13     | Found a frozen archway.
 22146 | IceCv    | Entered an ice cave
 23115 | IceCv    | Noticed a reaper
 23131 | IceCv    | Killed a reaper
 23545 | IceCv    | Identified the ring of Vehumet's Indignation {MP+9 Int+8}
 24426 | D:14     | Found a bloodstained altar of Trog.
 24454 | D:14     | Reached XP level 15. HP: 147/147 MP: 14/14
 25220 | D:15     | Entered Level 15 of the Dungeon
 25643 | D:15     | Found Xelezore's Armour Shoppe.
 25679 | D:15     | Found a transporter.
 25688 | D:15     | Found a transporter.
 25688 | D:15     | Noticed a tentacled monstrosity
 25805 | D:15     | Identified the +5 lajatang of Rohice {venom, rC- Will+
                  | rCorr Str+9}
 25818 | D:15     | Found Edukk's Antique Armour Boutique.
 25818 | D:15     | Found Ijuqow's Antique Armour Boutique.
 25844 | D:15     | Found Kiczej's Antique Armour Boutique.
 25845 | D:15     | Found Mymnum's Weapon Boutique.
 25864 | D:15     | Bought the +8 hand axe "Citazugh" {vorpal, rElec Int+2} for
                  | 752 gold pieces
 25885 | D:15     | Bought a pair of slimy gloves for 332 gold pieces
 25885 | D:15     | Identified the +1 pair of gloves of Indecent Exposure {+Inv
                  | rPois Int-3} (You bought it in a shop on level 15 of the
                  | Dungeon)
 26348 | D:15     | Noticed AyAyRon's ghost (adept DsFi)
 26355 | D:15     | Found a one-way gate to the infinite horrors of the Abyss.
 26547 | D:15     | Found a staircase to the Depths.
 27080 | Elf:1    | Entered Level 1 of the Elven Halls
 28347 | Elf:1    | Noticed a deep elf sorcerer
 28358 | Elf:1    | Paralysed by an air elemental for 1 turns
 28360 | Elf:1    | Paralysed by an air elemental for 1 turns
 28717 | Elf:1    | Killed a deep elf sorcerer
 28718 | Elf:1    | Reached XP level 16. HP: 157/157 MP: 15/15
 28719 | Elf:1    | Paralysed by an air elemental for 1 turns
 28765 | Elf:1    | Reached skill level 15 in Shields
 29071 | Elf:1    | Noticed diceflayer's ghost (journeyman MiFi)
 29079 | Elf:1    | Found a runed translucent gate.
 29079 | Elf:1    | Found a runed translucent gate.
 29079 | Elf:1    | Found a runed translucent gate.
 29449 | Elf:1    | Killed diceflayer's ghost
 30172 | Elf:2    | Received a gift from Trog
 30571 | Elf:2    | Found Dirihimn's Book Boutique.
 30614 | Elf:2    | Found a runed translucent gate.
 30615 | Elf:2    | Found a runed translucent gate.
 30615 | Elf:2    | Found a runed translucent gate.
 31564 | Swamp:1  | Entered Level 1 of the Swamp
 32459 | Swamp:2  | Noticed a thorn hunter
 32464 | Swamp:2  | Noticed a thorn hunter
 32484 | Swamp:2  | Killed a thorn hunter
 32488 | Swamp:2  | Noticed Frances
 32491 | Swamp:2  | Noticed Donald
 32496 | Swamp:2  | Killed a thorn hunter
 32496 | Swamp:2  | Noticed Louise
 32832 | Swamp:1  | Killed Donald
 32833 | Swamp:1  | Reached XP level 17. HP: 161/166 MP: 14/16
 32866 | Swamp:1  | Killed Frances
 33067 | Swamp:2  | Killed Louise
 34759 | Swamp:4  | Entered Level 4 of the Swamp
 35781 | Swamp:4  | Noticed a tentacled monstrosity
 35790 | Swamp:4  | Killed a tentacled monstrosity
 36143 | Swamp:4  | Noticed Nikola
 36165 | Swamp:4  | Killed Nikola
 36690 | Swamp:4  | Got a decaying rune of Zot
 38093 | Snake:1  | Entered Level 1 of the Snake Pit
 38590 | Snake:1  | Identified the ring "Waumivat" {Ice Fly rN+ Int+4 Slay-3}
 39565 | Snake:2  | Reached XP level 18. HP: 162/178 MP: 15/17
 40016 | Snake:4  | Entered Level 4 of the Snake Pit
 40530 | Snake:4  | Identified the +8 quarterstaff "Qoemiggo" {flame, Int-2
                  | Dex+6} (Trog gifted it to you on level 4 of the Snake Pit)
 40530 | Snake:4  | Received a gift from Trog
 41219 | Snake:4  | Identified the +3 war axe of Rueti {vorpal, rElec} (Trog
                  | gifted it to you on level 4 of the Snake Pit)
 41219 | Snake:4  | Received a gift from Trog
 41625 | Snake:4  | Got a serpentine rune of Zot
 41952 | Snake:3  | Received a gift from Trog
 43563 | Snake:2  | Found Dufohof's Armour Shoppe.
 43563 | Snake:2  | Found Nari's Weapon Emporium.
 44715 | Vaults:1 | Entered Level 1 of the Vaults
 44865 | Vaults:1 | Reached XP level 19. HP: 189/189 MP: 18/18
 45017 | Vaults:1 | Identified the +0 robe "Kovol" {rPois}
 45137 | Vaults:1 | Found Coret's Antique Armour Emporium.
 45194 | Vaults:1 | Found Desiz's General Store.
 45530 | Vaults:1 | Identified the +7 arbalest of Dismemberment {venom, Str+2}
 46111 | Vaults:2 | Received a gift from Trog
 46680 | Vaults:2 | Noticed Aizul
 46697 | Vaults:2 | Killed Aizul
 47950 | Vaults:3 | Identified the +7 battleaxe of Juococ {flame, rC+ rN+ Will+
                  | Str-3} (Trog gifted it to you on level 3 of the Vaults)
 47950 | Vaults:3 | Received a gift from Trog
 48729 | Vaults:3 | Received a gift from Trog
 48782 | Vaults:3 | Reached XP level 20. HP: 146/200 MP: 14/19
 49514 | Vaults:3 | Found a staircase to the Crypt.
 49914 | Vaults:4 | Reached ****** piety under Trog
 50012 | Vaults:4 | Found a magical portal.
 50027 | WizLab   | Entered Lehudib's Moon Base
 50172 | WizLab   | Identified the +8 scimitar of Twilight {antimagic, rN+
                  | rCorr} (Trog gifted it to you in a wizard's laboratory)
 50172 | WizLab   | Received a gift from Trog
 50367 | WizLab   | Identified the ring of Relativism {rC+ Will+ rCorr Str+4}
 50876 | WizLab   | Found a transporter.
 50982 | WizLab   | Found a transporter.
 51092 | WizLab   | Gained mutation: You sometimes lose your temper in combat.
                  | [a cacodemon]
 51587 | WizLab   | Identified the ring "Quifaox" {Fly rElec rPois Str+2 SInv}
 51592 | WizLab   | Identified the +1 plate armour of Defence {rC+ rN+ Int-5
                  | Stlth+}
 52153 | Vaults:4 | Received a gift from Trog
 52662 | Vaults:4 | Identified the +12 mace of Tartarus {flame, rF+ rC+ Will++}
 53232 | D:15     | Killed AyAyRon's ghost
 53365 | Depths:1 | Entered Level 1 of the Depths
 53524 | D:7      | Killed Colokkon's ghost
 53734 | Depths:1 | Reached XP level 21. HP: 172/211 MP: 17/20
 54028 | Depths:1 | Found a gateway to Hell.
 54073 | Depths:1 | Received a gift from Trog
 54074 | Depths:1 | Noticed Bai Suzhen
 54088 | Depths:1 | Killed Bai Suzhen
 54535 | Depths:1 | Noticed Mara
 54549 | Depths:1 | Noticed Colokkon's illusion
 54551 | Depths:1 | Killed Mara
 55198 | Depths:2 | Received a gift from Trog
 55935 | Depths:2 | Found a one-way gateway to a ziggurat.
 55993 | Depths:2 | Gained mutation: You are dopey. (Int -2) [a neqoxec]
 56002 | Depths:2 | Found a one-way gate leading to the halls of Pandemonium.
 56089 | Depths:3 | Noticed Frederick
 56100 | Depths:3 | Killed Frederick
 56124 | Depths:3 | Noticed Margery
 56140 | Depths:3 | Killed Margery
 56708 | Depths:3 | Found Caman's Magic Scroll Shop.
 56712 | Depths:3 | Found Patoec's Antique Weapon Shop.
 56716 | Depths:3 | Bought a scroll of acquirement for 1092 gold pieces
 56716 | Depths:3 | Acquired 982 gold pieces
 57394 | Depths:3 | Reached skill level 27 in Axes
 57518 | Depths:4 | Entered Level 4 of the Depths
 57561 | Depths:4 | Reached XP level 22. HP: 202/222 MP: 17/21
 57679 | Depths:4 | Received a gift from Trog
 57774 | Depths:4 | Found a blossoming altar of Fedhas.
 57991 | Depths:4 | Found a gate to the Realm of Zot.
 59262 | Elf:3    | Entered Level 3 of the Elven Halls
 59322 | Elf:3    | Received a gift from Trog
 59841 | Elf:3    | Noticed Discosetron's ghost (adept SpHu)
 59920 | Elf:3    | Received a gift from Trog
 59958 | Elf:3    | Found a runed translucent door.
 60266 | Elf:3    | Identified the +8 scimitar "Game" {freeze, rC+ Str+5 Dex+4}
 60326 | Elf:3    | Received a gift from Trog
 60427 | Elf:3    | Identified the ring of Psychosis {rC+ rN+ Str+3 Stlth-}
 60428 | Elf:3    | Identified the ring of Spontaneous Combustion {Wiz rN+
                  | Dex+3}
 60762 | Elf:3    | Identified the +11 falchion of Infection {elec, Dex+7}
 61129 | Elf:3    | Found the +0 staff of Battle
 61132 | Elf:3    | Found the +3 hat of Pondering {ponderous, Will+ MP+10
                  | Int+5}
 61136 | Elf:3    | Identified the +1 cloak of the Harp {rPois}
 61158 | Elf:3    | Identified the +6 morningstar of Disorder {drain, Will+}
 61164 | Elf:3    | Identified the +6 falchion of the Realm of Zot {elec, rElec
                  | rF- Int+4 SInv}
 61189 | Elf:3    | Identified the +6 dagger of Cesilog {flame, Int+2}
 61236 | Elf:3    | Identified the +0 whip "Ocentis" {drain, rN+ MP+9 Stlth+}
 61243 | Elf:3    | Identified the +8 sling of Courage {freeze, rPois}
 61324 | Elf:3    | Found Izaemmem's Jewellery Boutique.
 61326 | Elf:3    | Found Laerphi's Book Shoppe.
 61327 | Elf:3    | Found Lukur's Jewellery Boutique.
 61441 | Elf:3    | Found Fim Giob's Antique Armour Shop.
 61556 | Elf:3    | Killed Discosetron's ghost
 61600 | Elf:3    | Acquired 1030 gold pieces
 61899 | Crypt:1  | Entered Level 1 of the Crypt
 62736 | Crypt:2  | Reached XP level 23. HP: 234/234 MP: 22/22
 63079 | Crypt:2  | Received a gift from Trog
 63775 | Crypt:3  | Entered Level 3 of the Crypt
 64061 | Crypt:3  | Noticed a dread lich
 64082 | Crypt:3  | Killed a dread lich
 64116 | Crypt:3  | Received a gift from Trog
 64661 | Crypt:3  | Found an ancient bone altar of Kikubaaqudgha.
 64882 | Crypt:3  | Found a staircase to the Tomb.
 64891 | Crypt:3  | Identified the ring "Naijaef" {rN+ Str+2 Int+2}
 64891 | Crypt:3  | Identified the ring "Bourewe" {rN+ Will+ Dex+4}
 64895 | Tomb:1   | Entered Level 1 of the Tomb of the Ancients
 65323 | Tomb:1   | Noticed a royal mummy
 65334 | Tomb:1   | Killed a royal mummy
 66243 | Vaults:5 | Entered Level 5 of the Vaults
 66256 | Vaults:5 | Received a gift from Trog
 66401 | Vaults:5 | Reached XP level 24. HP: 170/235 MP: 19/22
 66446 | Vaults:5 | Reached skill level 27 in Armour
 66459 | Vaults:5 | Got a silver rune of Zot
 66614 | Vaults:5 | Reached skill level 27 in Fighting
 66643 | Vaults:5 | Noticed a dread lich
 66672 | Vaults:5 | Killed a dread lich
 66675 | Vaults:5 | Received a gift from Trog
 66725 | Vaults:5 | Identified the amulet "Munt" {rElec rPois Regen+ Slay+5
                  | Stlth+}
 66752 | Vaults:5 | Identified the ring "Mufexkot" {Ice Will+ rCorr Int-2}
 67275 | Vaults:5 | Received a gift from Trog
 67294 | Vaults:5 | Reached skill level 27 in Shields
 67554 | Vaults:5 | Identified the +1 leather armour of Neele {Str+4}
 67592 | Vaults:5 | Reached skill level 1 in Throwing
 67610 | Vaults:5 | Noticed a dread lich
 67629 | Vaults:5 | Killed a dread lich
 67634 | Vaults:5 | Noticed a dread lich
 67642 | Vaults:5 | Reached skill level 5 in Dodging
 67646 | Vaults:5 | Killed a dread lich
 68135 | Vaults:5 | Acquired the -2 hat of the Alchemist {rElec rPois rF+ rC+
                  | rN+ Will+ rMut rCorr}
 68135 | Vaults:5 | Found the -2 hat of the Alchemist {rElec rPois rF+ rC+ rN+
                  | Will+ rMut rCorr}
 68187 | Vaults:5 | Identified the +7 battleaxe of a wizard's laboratory
                  | {spect, rElec rC- rN+ Dex+4}
 68372 | Vaults:5 | Identified the +1 plate armour of the Hurricane {rPois}
 69082 | Zot:1    | Entered Level 1 of the Realm of Zot
 69094 | Zot:1    | Reached skill level 1 in Maces & Flails
 69102 | Zot:1    | Reached skill level 5 in Throwing
 69394 | Zot:1    | Noticed Qohumiw's ghost (legendary TrBe)
 69399 | Zot:1    | Reached skill level 5 in Maces & Flails
 69470 | Zot:1    | Noticed Grunn
 69487 | Zot:1    | Killed Grunn
 69635 | Zot:1    | Found a runed translucent door.
 69663 | Zot:1    | Killed Qohumiw's ghost
 69675 | Zot:1    | Identified the +0 hat of the Gate {rElec Regen+ rCorr
                  | Int-2}
 70210 | Zot:2    | Reached XP level 25. HP: 124/257 MP: 22/22
 70512 | Zot:2    | Noticed a Killer Klown
 70827 | Zot:2    | Killed a Killer Klown
 70964 | Zot:2    | Noticed an orb of fire
 70976 | Zot:2    | Killed an orb of fire
 70994 | Zot:2    | Noticed a shard shrike
 71089 | Zot:2    | Reached skill level 10 in Throwing
 71703 | Zot:3    | Received a gift from Trog
 73598 | Zot:4    | Noticed an orb of fire
 73602 | Zot:4    | Killed an orb of fire
 73603 | Zot:4    | Reached skill level 15 in Throwing
 73880 | Zot:4    | Found Wytice's CLEARANCE SALE!.
 74025 | Zot:5    | Entered Level 5 of the Realm of Zot
 74073 | Zot:5    | Noticed an orb of fire
 74075 | Zot:5    | Noticed a dread lich
 74076 | Zot:5    | Noticed a Killer Klown
 74077 | Zot:5    | Noticed a Killer Klown
 74078 | Zot:5    | Noticed an orb of fire
 74081 | Zot:5    | Killed an orb of fire
 74081 | Zot:5    | Noticed a Killer Klown
 74089 | Zot:5    | Killed a Killer Klown
 74101 | Zot:5    | Slain by an Orb Guardian

Illustrated notes

Levels and vault maps discovered:
D:1:      minmay_arrival_four_houses, layout_basic
D:2:      layout_loops_ring, ebering_ecumenical_altar_mist
D:3:      layout_loops_corners, cheibriados_altar_1
D:4:      layout_loops_ring, grunt_ministairs_15, st_stairs_2,
          kennysheep_generic_room_8
D:5:      layout_cave_pools, serial_rivers, chequers_serial_rivers_room_a,
          chequers_serial_rivers_marsh, chequers_serial_rivers_room_a,
          chequers_serial_rivers_large_b, chequers_serial_rivers_micro_c
D:6:      kennysheep_spiral_hall, layout_cave_pods,
          chequers_serial_rivers_small_3
D:7:      layout_cave_pools, mainiacjoe_overflow_alcove_4,
          mainiacjoe_overflow_catch_the_wave, minmay_temple_entry_hall,
          gammafunk_ghost_split
D:8:      layout_gridville, okawaru_humans, kennysheep_orc_sif_temple,
          grunt_lair_entry_orc_guard_hut, kb_rosetta
D:9:      layout_rooms, nicolae_gozag_cash_rules_everything_around_me,
          david_orc_2, minmay_fractal_squares_5
D:10:     layout_basic, gammafunk_temple_overflow_elements, enter_bailey_4,
          st_stairs_5, minmay_fractal_squares_gapless_5
D:11:     layout_rooms
D:12:     layout_cross, serial_shops, nicolae_shop_statue_plus, serial_bayou,
          serial_bayou_pond_e, serial_bayou_ford_a, serial_bayou_pond_c,
          serial_bayou_crossing, uniq_josephine, uniq_fannar, uniq_kirke
D:13:     layout_stronghold, skrybe_vaults_entry_preservation,
          portal_ice_cave_rime, serial_shops, nicolae_shop_bloodbath_and_beyond,
          nicolae_diode_quadrants
D:14:     layout_loops_ring, minmay_misc_feat_x, trog_butcher_becter
D:15:     gammafunk_enter_depths_forms, layout_irregular_city,
          minmay_misc_feat_secret_circle, gammafunk_ghost_abyssal_escape,
          serial_shops, nicolae_shop_trees,
          nicolae_concentric_dashed_squares_mild, minmay_shop_grid_forest
Lair:1:   layout_small_grid, minivault_19, infiniplex_staircase_pool_2,
          grunt_megastairs_4, lemuel_fruit_fields
Lair:2:   layout_chaotic_city, skrybe_swamp_entry_bodies, dummy_snake_entry,
          maelrawn_ghost_gauntlet_escape, lemuel_fruit_fields,
          serial_bayou_shore_b
Lair:3:   cheibrodos_lair_overgrown_chateau, layout_regular_city, minmay_holes
Lair:4:   layout_regular_city, chequers_serial_rivers_micro_c, minmay_hedge_maze
Lair:5:   cheibrodos_lair_end_hotspot, layout_layer_cave,
          minmay_slime_entry_oklob_enclosed
Swamp:1:  layout_basic_swamp, nicolae_swamp_fairy_circle
Swamp:2:  layout_falls_marsh, evilmike_swamp_ruin_rubble_2, uniq_louise,
          uniq_frances, uniq_donald
Swamp:3:  layout_falls_marsh, evilmike_swamp_ruin_house_2, swamp_pool5,
          hangedman_swamp_lotus, cheibrodos_swamp_witchery
Swamp:4:  swamp_alternative, layout_basic_swamp, swamp_pool1, uniq_nikola
Snake:1:  layout_layer_cave, drop_trap, statue_in_the_mist_lemuel
Snake:2:  layout_cave_shapes, serial_bayou_shore_b, serial_bayou_shore_a,
          minmay_shoptagon
Snake:3:  layout_layer_cave, nicolae_snake_snake_lake,
          nicolae_snake_biting_tails, nicolae_snake_gridmaze_entwining,
          corexii_hall_statues_l
Snake:4:  grunt_snake_rune_serpentine_throne, layout_rooms,
          guppyfry_snake_island
Orc:1:    layout_caves
Orc:2:    st_orc_rangers, layout_caves, basic_altar, hangedman_feature_mirror,
          uniq_maurice
Elf:1:    layout_rooms, gammafunk_ghost_split, minmay_elf_demonology
Elf:2:    nicolae_elf_blades_crystal_corner, layout_onion_city, serial_shops,
          nicolae_shop_hallway_stairs, chequers_hall_statues_wall_a,
          minivault_20, elves_outpost_lemuel
Elf:3:    grunt_elf_hall_asides, layout_geoelf_diagonals, serial_shops,
          nicolae_shop_behind_doors, special_room [special_room_mythical_zoo],
          hellmonk_ghost_happy_afterlife, minmay_shop_grove
Vaults:1: ontoclasm_vaults_spin, v_misc_16, vaults_room_semicircle,
          nicolae_vaults_yaktaur_gun_rack, nicolae_vaults_big_angled_halls,
          ontoclasm_vaults_hangar, nicolae_vaults_twisting_passages,
          nicolae_vaults_little_squares_4, vaults_room_fours, serial_ice_b,
          v_misc_19, nicolae_vaults_asterisk, nicolae_vaults_big_angled_halls,
          vaults_standard_mumra_x, layout_vaults_ring, serial_shops,
          nicolae_shop_stone, shop
Vaults:2: hangedman_vaults_stretched_pinwheel, hangedman_vaults_slice,
          nicolae_vaults_little_squares_1, nicolae_vaults_network_s,
          vaults_dpeg_hooks, v_pattern_1, vaults_room_grid,
          vaults_room_hangedman_quadrants, nicolae_vaults_diagonal_hallway_8,
          layout_vaults_quadrants, uniq_aizul
Vaults:3: ontoclasm_vaults_tryst, hangedman_vaults_maws, v_misc_8,
          nicolae_vaults_angled_halls, blue_anna_dwarven_crypt,
          ontoclasm_vaults_loading_screen, vaults_room_corners, v_pattern_5,
          nicolae_vaults_puzzle_piece, ontoclasm_vaults_loading_screen,
          nicolae_vaults_triangles, vaults_mumra_minichess,
          vaults_dpeg_diagonal, vaults_room_door_ring,
          nicolae_vaults_back_hallway, layout_vaults_omnibox
Vaults:4: infiniplex_enter_wizlab_glasses, v_misc_15, v_rooms_3,
          hangedman_vaults_slice, nicolae_vaults_what_the_h,
          dpeg_vaults_monster_box, nicolae_vaults_ring_of_whatevers,
          layout_vaults_chaotic_city
Vaults:5
Crypt:1:  layout_regular_city
Crypt:2:  layout_chaotic_city, moated_statue, st_stairs_12
Crypt:3:  cryptofortress_bobbens
Tomb:1
Depths:1: layout_twisted_cross, hangedman_coc_ice_floe,
          minmay_hollow_rounded_squares, uniq_mara, uniq_bai_suzhen
Depths:2: dreamdust_tengu_aerie, layout_cave_pools, enter_ziggurat_f,
          rand_demon_pan_entry_4, hell_entry, drop_trap,
          nrook_kobold_shadow_demons
Depths:3: abrahamwl_protected_by_tso_1, layout_basic,
          hangedman_abyss_entry_splay, hangedman_tar_grid_catacomb,
          infiniplex_staircase_diamond, minmay_shop_star, uniq_margery,
          uniq_frederick
Depths:4: grunt_zot_entry_tricorne, layout_cave_pools, hell_entry, hex_medium,
          nicolae_abyss_entry_one_way_or_another, fedhas_altar_fruit_tree
Zot:1:    layout_cathedral_of_symmetry, hellmonk_ghost_big_iron, uniq_grunn
Zot:2:    layout_basic, hangedman_zot_decor_checkerboard,
          hangedman_elemental_grid_stream
Zot:3:    layout_cellular_growth, grunt_megastairs_3
Zot:4:    layout_gridlike, st_stairs_2, nicolae_shop_clearance
Zot:5:    layout_basic

Skill      XL: |  1  2  3  4  5  6  7  8  9 10 11 12 13 14 15 16 17 18 19 20 21 22 23 24 25 |
---------------+----------------------------------------------------------------------------+-----
Axes           | 4 5 6 7 9 10 12 13 15 17 19 21 22 23 24 25 26 27 | 27.0
Armour         | 3 4 5 6 7 8 10 12 13 14 16 17 19 20 21 22 23 24 25 26 27 | 27.0
Fighting       | 4 5 6 8 10 11 13 14 16 17 18 19 21 22 23 24 25 26 27 | 27.0
Shields        | 3 7 9 11 14 16 17 18 20 21 22 23 25 27 | 27.0
Throwing       | 6 15 | 15.8
Dodging        | 7 8 |  8.0
Maces & Flails | 7 8 |  8.3

Action                   |  1- 3 |  4- 6 |  7- 9 | 10-12 | 13-15 | 16-18 | 19-21 | 22-24 | 25-27 || total
-------------------------+-------+-------+-------+-------+-------+-------+-------+-------+-------++-------
Melee: Hand axe          |    78 |    79 |   231 |    39 |   149 |   913 |       |       |       ||  1489
       Headbutt          |     9 |    10 |    39 |    91 |   190 |   284 |   315 |   391 |   135 ||  1464
       Punch             |     1 |     1 |     3 |     2 |       |       |       |       |       ||     7
       War axe           |       |       |       |   397 |   763 |       |       |       |       ||  1160
       Broad axe         |       |       |       |       |       |   429 |  1134 |  1317 |   405 ||  3285
Throw: Javelin           |       |       |       |       |       |       |       |       |     8 ||     8
Invok: Trog's Hand       |       |     4 |     7 |    14 |    22 |    20 |    13 |    21 |     5 ||   106
       Berserk           |       |     3 |    10 |    11 |    13 |    10 |     3 |     7 |     1 ||    58
       Brothers in Arms  |       |       |       |     1 |     9 |     4 |     3 |    10 |     5 ||    32
  Use: Scroll            |    10 |     2 |     7 |    19 |     7 |     7 |     9 |     9 |     5 ||    75
       Potion            |       |     1 |       |     2 |     2 |     7 |     3 |       |     1 ||    16
 Stab: Confused          |       |       |       |       |       |     1 |       |       |       ||     1
       Distracted        |       |       |       |       |       |       |     1 |     2 |     1 ||     4
Armor: Animal skin       |     8 |       |       |       |       |       |       |       |       ||     8
       Ring mail         |    14 |    10 |       |       |       |       |       |       |       ||    24
       Plate armour      |       |    33 |   173 |   288 |   224 |       |       |       |       ||   718
       Crystal plate arm |       |       |       |       |   197 |   877 |   308 |   548 |   191 ||  2121
Dodge: Dodged            |    66 |    44 |    78 |   136 |    56 |   114 |    52 |    91 |    49 ||   686
Block: Kite shield       |       |       |       |   304 |  1192 |  1949 |  1158 |  1649 |   532 ||  6784
